 Dungeon Crawl Stone Soup version 0.14-a0-3445-g2afddda (webtiles) character file.

1365 MrRokkomies the Basher (level 8, -3/51 HPs)
             Began as a Gargoyle Fighter on Mar 23, 2014.
             Was a Believer of Okawaru.
             Slain by an ogre
             ... wielding a +0,+0 giant club
              (5 damage)
             ... on Level 6 of the Dungeon.
             The game lasted 00:14:50 (4266 turns).

MrRokkomies the Basher (Gargoyle Fighter)           Turns: 4266, Time: 00:14:50

HP  -3/51        AC 14     Str 20      XL: 8   Next: 39%
MP   8/8         EV  6     Int  9      God: Okawaru [**....]
Gold 210         SH 18     Dex 11      Spells:  0 memorised,  7 levels left

rFire  . . .     SeeInvis .     a - +1,+0 flail
rCold  . . .     Clarity  .     b - +0 scale mail
rNeg   + . .     Conserve .     c - +0 shield
rPois  +         rCorr    .     (no helmet)
rElec  +         rRot     +     (no cloak)
SustAb . .       Spirit   .     (no gloves)
rMut   .         Warding  .     D - +0 pair of boots
Saprov . . .     Stasis   .     (no amulet)
MR     .....                    q - ring of regeneration
                                x - ring of regeneration

@: not resistant to hostile enchantments, extremely unstealthy
A: life protection 1, electricity resistance, unbreathing, petrification
resistance, AC +5
a: Heroism, Renounce Religion


You were on level 6 of the Dungeon.
You worshipped Okawaru.
Okawaru was pleased with you.
You were not hungry.

You visited 2 branches of the dungeon, and saw 7 of its levels.

You collected 210 gold pieces.

Inventory:

Hand weapons
 a - a +1,+0 flail (weapon)
 k - a +0,+0 sling
 B - a +0,+0 bow
Missiles
 h - 7 needles of confusion
 i - 29 arrows
 m - 15 silver darts (quivered)
 n - 11 steel sling bullets
 r - 14 poisoned needles
Armour
 b - a +0 scale mail (worn)
 c - a +0 shield (worn)
 D - a +0 pair of boots (worn)
Magical devices
 t - a wand of draining (0)
Comestibles
 d - 3 bread rations
 j - 3 apples
 l - 3 meat rations
 o - a chunk of orc flesh
 p - a beef jerky
 z - 2 chunks of quokka flesh
 E - a pear
Scrolls
 g - 2 scrolls of enchant weapon I
 F - a scroll of magic mapping
Jewellery
 q - a ring of regeneration (right hand)
 w - an uncursed ring of protection from fire
 x - a ring of regeneration (left hand)
 y - an uncursed ring of ice
Potions
 e - a potion of might
 f - a potion of magic
 s - 2 potions of resistance
 u - 2 potions of brilliance
 v - a potion of heal wounds
 A - a potion of cure mutation
 C - a potion of curing {unknown}


   Skills:
 * Level 5.6 Fighting
 + Level 8.4 Maces & Flails
 - Level 6.0 Armour
 - Level 3.2 Shields


You had 7 spell levels left.
You didn't know any spells.

Dungeon Overview and Level Annotations

Branches:
Dungeon (6/15)             Temple (1/1) D:4

Altars:
Ashenzari
Cheibriados
Elyvilon
Fedhas
Makhleb
Nemelex Xobeh
Okawaru
Vehumet
Xom
Yredelemnul
Zin
The Shining One

Annotations:
D:4 Eustachio


Innate Abilities, Weirdness & Mutations

You are resistant to torment.
You are immune to poison.
Your stone body is very resilient (AC +5).
You resist negative energy.
You are resistant to electric shocks.
You can survive without breathing.
You are immune to petrification.


Message History

An ogre comes into view. It is wielding a giant club.
The ogre shouts!
A giant newt comes into view.
The ogre hits you with a giant club!
You hit the ogre.
The ogre is lightly wounded.
You sock the ogre!
The ogre is heavily wounded.
The ogre hits you with a giant club.
You hit the ogre.
The ogre is heavily wounded.
The ogre hits you with a giant club!
You hit the ogre.
The ogre is severely wounded.
The ogre hits you with a giant club!
* * * LOW HITPOINT WARNING * * *
You hit the ogre.
The ogre is almost dead.
The ogre hits you with a giant club.
You die...

...........##......>....##.......
.................................
.................................
.................................
.................................
................(................
........ .................)......
...... .........................
.......l@####............
........O# #............
.......## ##<.......... ..#....
#......###... ......#
#......#..... ..### #......#.....
. ########..... #...### #...##


You could see an ogre and a giant newt.

Vanquished Creatures
  An orc warrior (D:5)
  A black bear (D:6)
  A centaur (D:4)
  2 ogres
  Sigmund (D:4)
  3 jellies (D:5)
  A hound (D:4)
  Natasha (D:4)
  2 iguanas (D:4)
  5 worker ants
  Jessica (D:3)
  5 gnolls (D:3)
  7 adders
  An orc skeleton (D:6)
  A worm (D:5)
  2 shadow imps
  An adder skeleton (D:6)
  A giant eyeball (D:4)
  5 giant geckos
  An ooze (D:6)
  10 orcs
  2 ball pythons
  12 bats
  A bat zombie (D:5)
  10 giant cockroaches
  11 hobgoblins
  8 jackals
  12 kobolds
  A quokka (D:6)
  4 giant newts
  6 goblins
  An orc zombie (D:6)
  11 rats
132 creatures vanquished.

Notes
Turn   | Place    | Note
--------------------------------------------------------------
     0 | D:1      | MrRokkomies, the Gargoyle Fighter, began the quest for the Orb.
     0 | D:1      | Reached XP level 1. HP: 14/14 MP: 1/1
   135 | D:1      | Reached XP level 2. HP: 19/19 MP: 2/2
   656 | D:2      | Reached XP level 3. HP: 23/23 MP: 3/3
   784 | D:2      | Reached skill level 4 in Armour
  1343 | D:2      | Reached XP level 4. HP: 26/28 MP: 4/4
  2021 | D:3      | Reached XP level 5. HP: 12/32 MP: 5/5
  2123 | D:3      | Noticed Jessica
  2146 | D:3      | Killed Jessica
  2146 | D:3      | Reached skill level 5 in Armour
  2673 | D:4      | Found a staircase to the Ecumenical Temple.
  2694 | D:4      | Reached XP level 6. HP: 19/37 MP: 6/6
  2702 | Temple   | Entered the Ecumenical Temple
  2746 | Temple   | Became a worshipper of Warmaster Okawaru
  2788 | D:4      | Reached skill level 5 in Maces & Flails
  2819 | D:4      | Found a blossoming altar of Fedhas.
  2819 | D:4      | Noticed a centaur
  2851 | D:4      | Killed a centaur
  2851 | D:4      | Reached skill level 6 in Armour
  2950 | D:4      | Noticed Natasha
  2999 | D:4      | Killed Natasha
  3084 | D:4      | Noticed an ogre
  3096 | D:4      | Killed an ogre
  3096 | D:4      | Reached XP level 7. HP: 25/42 MP: 7/7
  3113 | D:4      | Acquired Okawaru's first power
  3140 | D:4      | Noticed Sigmund
  3151 | D:4      | Killed Sigmund
  3160 | D:4      | Noticed Eustachio
  3206 | D:5      | Entered Level 5 of the Dungeon
  3475 | D:5      | Reached skill level 7 in Maces & Flails
  3773 | D:5      | Reached XP level 8. HP: 37/48 MP: 8/8
  3808 | D:5      | Reached skill level 5 in Fighting
  3808 | D:5      | Reached skill level 8 in Maces & Flails
  4265 | D:6      | HP: 1/51 [ogre/giant club (23)]
  4266 | D:6      | Slain by an ogre

Action                   |  1- 3 |  4- 6 |  7- 9 || total
-------------------------+-------+-------+-------++-------
Melee: Flail             |   136 |   229 |   161 ||   526
 Fire: Sling             |       |     3 |       ||     3
Throw: Tomahawk          |       |       |     4 ||     4
Evoke: Wand              |       |     5 |     2 ||     7
  Use: Scroll            |     1 |     8 |     7 ||    16
       Potion            |       |     1 |     1 ||     2
